 Dungeon Crawl Stone Soup version 0.21-a0-442-g848f44b (webtiles) character file.

207 Gildeon the Magician (level 5, -2/28 HPs)
             Began as a Deep Elf Conjurer on Nov 15, 2017.
             Was an Initiate of Kikubaaqudgha.
             Slain by Grinder (7 damage)
             ... on level 3 of the Dungeon.
             The game lasted 00:25:55 (3258 turns).

Gildeon the Magician (Deep Elf Conjurer)            Turns: 3258, Time: 00:25:57

Health: -2/28      AC:  4    Str:  5    XL:     5   Next: 54%
Magic:  1/14       EV: 12    Int: 21    God:    Kikubaaqudgha [......]
Gold:   185        SH:  0    Dex: 15    Spells: 0/14 levels left

rFire    . . .     SeeInvis .   f - +0 club
rCold    . . .     Gourm    .   (no shield)
rNeg     . . .     Faith    .   e - +1 leather armour
rPois    .         Spirit   .   (no helmet)
rElec    .         Reflect  .   (no cloak)
rCorr    .         Harm     .   (no gloves)
MR       .....                  (no boots)
Stlth    ++........             (no amulet)
HPRegen  0.09/turn              (no ring)
MPRegen  0.14/turn              (no ring)

@: very slightly contaminated
A: no striking features
a: Renounce Religion


You were on level 3 of the Dungeon.
You worshipped Kikubaaqudgha.
Kikubaaqudgha was noncommittal.
You were not hungry.

You visited 1 branch of the dungeon, and saw 3 of its levels.

You collected 185 gold pieces.

Inventory:

Hand Weapons
 f - a +0 club (weapon)
Missiles
 i - a throwing net
 k - 9 poisoned needles (quivered)
Armour
 e - a +1 leather armour (worn)
Scrolls
 j - a scroll of fear
Potions
 a - 3 potions of heal wounds
 h - a potion of curing
Books
 b - a book of Conjurations

   Spells                             Type                      Level
   a - Magic Dart                     Conjuration                  1
   b - Searing Ray                    Conjuration                  2
   c - Dazzling Spray                 Conjuration/Hexes            3
   d - Fulminant Prism                Conjuration/Hexes            4
   e - Force Lance                    Conjuration/Translocation    4
   f - Iskenderun's Mystic Blast      Conjuration                  4
Comestibles
 c - 3 bread rations
 d - 3 royal jellies
 g - 2 chunks of flesh
 l - 2 meat rations


   Skills:
 - Level 2.4 Dodging
 - Level 2.4 Stealth
 - Level 5.2 Spellcasting
 - Level 5.0 Conjurations
 + Level 4.8 Hexes
 + Level 0.2 Necromancy


You couldn't memorise any spells.
You knew the following spells:

 Your Spells              Type           Power        Failure   Level  Hunger
a - Magic Dart            Conj           ####         2%          1    None
b - Searing Ray           Conj           ####..       3%          2    None
c - Dazzling Spray        Conj/Hex       ####..       7%          3    ##.....
d - Iskenderun's Mystic   Conj           ####....     22%         4    ####...
e - Fulminant Prism       Conj/Hex       ####......   22%         4    ####...


Dungeon Overview and Level Annotations

Branches:
Dungeon (3/15)

Altars:
Kikubaaqudgha
Yredelemnul

Annotations:
D:3 Grinder


Message History

Grinder blinks!
k - 10 poisoned needles (gained 1)
Casting: Magic Dart
Confirm with . or Enter, or press ? or * to list all spells.
You don't know that spell.
Grinder barely misses you.
Casting: Magic Dart
Confirm with . or Enter, or press ? or * to list all spells.
You don't know that spell.
There are no items here.
Tossing away (i - inventory. (,) - cycle):
k - 10 poisoned needles (quivered)
Press: ? - help, Shift-Dir - straight line, f/p - Grinder
Aim: Grinder (heavily wounded)
You toss away a poisoned needle.
The poisoned needle hits Grinder.
Grinder is heavily wounded.
Grinder hits you!
You writhe in agony.
* * * LOW HITPOINT WARNING * * *
Grinder hits you!
You die...
Kikubaaqudgha rasps: "You have failed me!
Welcome... death!"

#..#*****##...##,,,##...##,,,,,*
#..#*,,,,,#####*,*,*#####*,***,*
#..#*,*****##.##,,,*,*,*,*,,**,*
#..#*,* #...#*>**,*,*,,,,**,*
#..##+######...+***,,*,,,,,,**,*
...#...........###,***,,,*,***,*
.#.#..........(..#,,,,,,,,,,,*,*
.#.#.......[.###5#####.#******,**
.#.#.........#..@.......,,,,,,,,*
.#.#.........#.#.#####.#*********
...#...).....#.#.......#
#..#.......†.#,#########
...........#.#,* #..#########.#,*
.....# *,..#,* #..#.# ***,*##,*
.....# *,,,,,,,*


You could see Grinder.

Vanquished Creatures
  Natasha (thrice) (D:2)
  5 adders
  2 oozes (D:1)
  3 worms
  A dart slug (D:1)
  2 leopard geckos
  3 orcs (D:3)
  5 bats
  5 giant cockroaches
  5 goblins
  4 hobgoblins
  4 jackals (D:3)
  2 ball pythons
  5 frilled lizards
  10 kobolds
  11 rats
70 creatures vanquished.

Vanquished Creatures (others)
  A fulminant prism (D:2)
  7 toadstools (D:1)
8 creatures vanquished.

Grand Total: 78 creatures vanquished

Notes
Turn   | Place    | Note
-------+----------+-------------------------------------------
     0 | D:1      | Gildeon the Deep Elf Conjurer began the quest for the Orb.
     0 | D:1      | Reached XP level 1. HP: 10/10 MP: 6/6
   542 | D:1      | Reached XP level 2. HP: 15/15 MP: 5/8
   543 | D:1      | Reached skill level 5 in Conjurations
   557 | D:1      | Learned a level 2 spell: Searing Ray
  1028 | D:1      | Reached XP level 3. HP: 19/19 MP: 4/10
  1069 | D:1      | Learned a level 3 spell: Dazzling Spray
  1397 | D:2      | Noticed Natasha
  1403 | D:2      | Killed Natasha
  1403 | D:2      | Reached skill level 5 in Spellcasting
  1403 | D:2      | Reached XP level 4. HP: 14/24 MP: 9/13
  1560 | D:2      | Noticed Natasha
  1567 | D:2      | Killed Natasha
  1675 | D:2      | Noticed Natasha
  1682 | D:2      | Killed Natasha
  1734 | D:2      | Reached XP level 5. HP: 28/28 MP: 12/14
  1785 | D:2      | Learned a level 4 spell: Iskenderun's Mystic Blast
  1790 | D:2      | Learned a level 4 spell: Fulminant Prism
  2843 | D:3      | Found an ancient bone altar of Kikubaaqudgha.
  2853 | D:3      | Became a worshipper of Kikubaaqudgha
  2996 | D:3      | Found a basalt altar of Yredelemnul.
  3230 | D:3      | Noticed Grinder
  3258 | D:3      | Slain by Grinder

Vault maps used:
D:1:      nagdon_arrival_double_spiral
D:2:      first_bread, minmay_pentomino_t4, uniq_natasha
D:3:      lemuel_coloured_pillars_altar, lemuel_blue_sif_altar,
          lemuel_doored_altar, cheibrodos_sewer_entry_bend, grunt_ministairs_4,
          uniq_grinder

Skill      XL: |  1  2  3  4  5 |
---------------+----------------+-----
Conjurations   | 5 |  5.0
Spellcasting   | 4 5 |  5.2
Hexes          | 3 4 |  4.8
Dodging        | |  2.4
Stealth        | |  2.4
Necromancy     | |  0.2

Action                   |  1- 3 |  4- 6 || total
-------------------------+-------+-------++-------
Melee: Unarmed           |     1 |       ||     1
       Club              |    12 |     3 ||    15
Throw: Throwing net      |       |     2 ||     2
 Cast: Magic Dart        |    60 |    47 ||   107
       Searing Ray       |     2 |     8 ||    10
       Dazzling Spray    |       |     5 ||     5
       Iskenderun's Myst |       |     2 ||     2
       Fulminant Prism   |       |     1 ||     1
  Use: Scroll            |     3 |     8 ||    11
  Eat: Chunk             |     1 |     4 ||     5
       Bread ration      |       |     1 ||     1
Armor: Leather armour    |     4 |     2 ||     6
Dodge: Dodged            |    16 |    18 ||    34

Table legend:
 A = Spawn XP
 B = Non-spawn XP
 C = Spawn XP percentage of total XP
 D = Spawn monster count
 E = Non-spawn monster count
 F = Spawn count percentage of total count
 G = Total turns spent on level
                    A         B        C        D         E        F      G
               +---------+---------+-------+---------+---------+-------+---------
         Total |       0 |     296 |   0.0 |       0 |      70 |   0.0 |  3258
               +---------+---------+-------+---------+---------+-------+---------
           D:1 |       0 |      47 |   0.0 |       0 |      23 |   0.0 |  1087
           D:2 |       0 |     183 |   0.0 |       0 |      26 |   0.0 |  1090
           D:3 |       0 |      66 |   0.0 |       0 |      21 |   0.0 |  1081
               +---------+---------+-------+---------+---------+-------+---------
